 Dungeon Crawl Stone Soup version 0.30.0-10-gfe55d96785 (webtiles) character file.

Game seed: 14315363688559165730

174 RascalDebosk the Magician (level 5, -5/37 HPs)
             Began as a Djinni Fire Elementalist on May 14, 2023.
             Killed by divine providence
             ... invoked by an orc priest
              (10 damage)
             ... on level 4 of the Dungeon.
             The game lasted 00:13:25 (2401 turns).

RascalDebosk the Magician (DjFE)                    Turns: 2401, Time: 00:13:26

Health: -5/37      AC:  8    Str:  7    XL:     5   Next: 84%
Gold:   169        EV: 10    Int: 18    God:
                   SH:  0    Dex: 14

rFire   + + .        v - +2 falchion (holy)
rCold   x . .        (no shield)
rNeg    . . .        l - +3 ring mail
rPois   ∞            (no helmet)
rElec   .            (no cloak)
rCorr   .            (no gloves)
SInv    .            (boots unavailable)
Will    .....        (no amulet)
Stlth   +            (no ring)
HPRegen 0.26/turn    (no ring)
MPRegen 0.00/turn

%: infuse magic (-6 HP)
@: flying, very slightly contaminated
A: sickness immunity, fire resistance 2, cold vulnerability 1, float, innate
caster, HP casting, extra vitality 1
a: no special abilities


You were on level 4 of the Dungeon.
You visited 1 branch of the dungeon, and saw 4 of its levels.

You collected 169 gold pieces.

Inventory:

Hand Weapons
 v - a +2 falchion of holy wrath (weapon)
Armour
 a - a +0 robe
 l - a +3 ring mail (worn)
Jewellery
 p - a ring of protection from fire
 x - a ring of fire
Wands
 r - a wand of roots (10)
Scrolls
 c - a scroll of magic mapping {unknown}
 e - a scroll of fear {unknown}
 f - 6 scrolls of identify {unknown}
 j - a scroll of fog {unknown}
 k - 2 scrolls of enchant weapon {unknown}
 m - a scroll of teleportation {unknown}
 n - a scroll of poison {unknown}
 o - a scroll of summoning {unknown}
 q - a scroll of acquirement {unknown}
 s - a scroll of vulnerability {unknown}
Potions
 b - 7 potions of attraction {unknown}
 d - 2 potions of cancellation {unknown}
 g - a potion of haste {unknown}
 h - 3 potions of curing {unknown}
 i - a potion of brilliance {unknown}
 t - a potion of mutation {unknown}
 u - a potion of heal wounds {unknown}
 w - a potion of lignification {unknown}


   Skills:
 * Level 1.0 Fighting
 + Level 0.8 Armour
 - Level 2.1 Dodging
 - Level 1.5 Stealth
 * Level 4.4 Spellcasting
 + Level 0.6 Evocations


You knew the following spells:

 Your Spells              Type           Power      Damage    Failure   Level
a - Foxfire               Conj/Fire      76%        2x1d7     8%          1
b - Scorch                Fire           38%        2d7       12%         2
c - Volatile Blastmotes   Fire/Tloc      38%        2d13      24%         3
d - Inner Flame           Hex/Fire       19%        N/A       24%         3
e - Flame Wave            Conj/Fire      19%        2d7       61%         4
f - Summon Small Mammal   Summ           76%        N/A       8%          1
g - Searing Ray           Conj           38%        2d5       12%         2
Your spell library was empty.

Dungeon Overview and Level Annotations

Branches:
Dungeon (4/15)
 Temple: D:4-7

Altars:
Makhleb
Uskayaw

Shops:
D:3 [


Innate Abilities, Weirdness & Mutations

You are immune to sickness and miasma.
You are immune to poison.
Your flesh is very heat resistant. (rF++)
You are vulnerable to cold. (rC-)
You float through the air rather than walking.
You learn spells naturally, not from books.
Your magical power is your life essence.
You have superior vitality. (+4 MHP)


Message History

The iguana is moderately wounded.
The foxfire hits the orc priest.
The orc priest is moderately wounded.
Casting: Foxfire (safe; 9% risk of failure)
Confirm with . or Enter, or press ? or * to list all spells.
You conjure some foxfire!
Casting: Foxfire (safe; 9% risk of failure)
Confirm with . or Enter, or press ? or * to list all spells.
You conjure some foxfire!
The foxfire hits the iguana.
The iguana is severely wounded.
The foxfire hits the iguana.
The iguana is severely wounded.
Casting: Foxfire (safe; 9% risk of failure)
Confirm with . or Enter, or press ? or * to list all spells.
You miscast Foxfire.
Nothing appears to happen.
The foxfire hits the iguana.
The iguana is almost dead.
The foxfire hits the iguana but does no damage.
The iguana is almost dead.
Casting: Foxfire (safe; 9% risk of failure)
Confirm with . or Enter, or press ? or * to list all spells.
You conjure some foxfire!
Casting: Foxfire (safe; 9% risk of failure)
Confirm with . or Enter, or press ? or * to list all spells.
You conjure some foxfire!
The foxfire hits the orc wizard.
The orc wizard is moderately wounded.
The iguana closely misses you.
The orc wizard casts a spell.
The orc wizard flickers and vanishes!
Deactivating autopickup; reactivate with Ctrl-A.
Casting: Foxfire (safe; 9% risk of failure)
Confirm with . or Enter, or press ? or * to list all spells.
You miscast Foxfire.
Nothing appears to happen.
The foxfire hits the iguana.
You kill the iguana!
The foxfire hits something.
The foxfire hits something but does no damage.
Something hits you.
Your Fighting skill increases to level 1!
The orc priest attacks as you move away!
The orc priest hits you but does no damage.
Casting: Foxfire (safe; 8% risk of failure)
Confirm with . or Enter, or press ? or * to list all spells.
You conjure some foxfire!
You hear some strange, mumbled words.
Something tries to affect you, but you resist.
The orc priest casts a cantrip, but nothing happens.
The foxfire hits something.
The foxfire hits something but does no damage.
Casting: Foxfire (safe; 8% risk of failure)
Confirm with . or Enter, or press ? or * to list all spells.
You conjure some foxfire!
Something hits you.
The foxfire hits the orc priest.
The orc priest is heavily wounded.
Casting: Foxfire (safe; 8% risk of failure)
Confirm with . or Enter, or press ? or * to list all spells.
You miscast Foxfire.
Nothing appears to happen.
The foxfire hits something but does no damage.
Something hits you.
You barely miss the orc priest.
The orc priest is heavily wounded.
You hear some strange, mumbled words.
A magic dart appears from out of thin air!
The magic dart hits you.
* * * LOW HITPOINT WARNING * * *
The orc priest hits you with a +0 short sword.
* * * LOW HITPOINT WARNING * * *
You barely miss the orc priest.
The orc priest is heavily wounded.
Something hits you but does no damage. The orc priest completely misses you.
You closely miss the orc priest.
The orc priest is heavily wounded.
Something hits you but does no damage. The orc priest closely misses you.
You hit the orc priest.
The orc priest is severely wounded.
Something hits you but does no damage. The orc priest barely misses you.
Something hits you but does no damage.
The orc priest hits you with a +0 short sword.
* * * LOW HITPOINT WARNING * * *
You barely miss the orc priest.
The orc priest is severely wounded.
Something hits you but does no damage.
The orc priest hits you with a +0 short sword.
* * * LOW HITPOINT WARNING * * *
Casting: Foxfire (safe; 8% risk of failure)
Confirm with . or Enter, or press ? or * to list all spells.
The spell is astonishingly dangerous to miscast (61% risk of failure)!
Continue anyway?
Casting: Flame Wave (astonishingly dangerous; 61% risk of failure)
Press: ? - help, Dir - look around, f - activate A wave of flame ripples out!
The flame wave engulfs something!
Reactivating autopickup.
You feel a bit more experienced.
The flame wave engulfs the orc priest.
The orc priest is almost dead. (Press . to intensify the flame waves.)
* * * LOW HITPOINT WARNING * * *
The orc priest invokes the aid of Beogh against you.
Beogh smites you!
You die...

....†...............##
....#..............#
#..........<...#...#
.##...#..........##..#
.....##..........#..##
.....................
.........†............
.....##..###.##.........
.... #@)# #.#..##.#....
.....##o###......###....
............... #.
........†##.....
.....##..# .. ..... #)..
.... ##... ... ..). ...
.....


You could see an orc priest.

Vanquished Creatures
  2 iguanas
  2 orc wizards (D:4)
  A gnoll (D:1)
  An adder (D:2)
  A worm (D:2)
  4 dart slugs
  2 orcs
  4 endoplasms
  5 giant cockroaches
  6 goblins
  8 hobgoblins
  6 kobolds
  4 quokkas
  4 ball pythons
  7 bats
  2 frilled lizards
  6 rats
65 creatures vanquished.

Vanquished Creatures (collateral kills)
  An endoplasm (D:1)
1 creature vanquished.

Vanquished Creatures (others)
  285 foxfires
285 creatures vanquished.

Grand Total: 351 creatures vanquished

Notes
Turn   | Place    | Note
-------+----------+-------------------------------------------
     0 | D:1      | RascalDebosk the Djinni Fire Elementalist began the quest
                  | for the Orb.
     0 | D:1      | RascalDebosk set off with the following spells memorised:
                  | Foxfire, Scorch, Volatile Blastmotes, Inner Flame, Flame
                  | Wave.
     0 | D:1      | Reached XP level 1. HP: 15/15 MP: 0/0
   125 | D:1      | Reached skill level 3 in Spellcasting
   125 | D:1      | Reached XP level 2. HP: 18/21 MP: 0/0
   244 | D:1      | Reached XP level 3. HP: 24/25 MP: 0/0
   244 | D:1      | Learned a level 1 spell: Summon Small Mammal
   860 | D:2      | Reached XP level 4. HP: 27/31 MP: 0/0
   920 | D:2      | Found a burning altar of Makhleb.
  1557 | D:3      | Noticed a +3 dagger
  1557 | D:3      | Noticed a +0 dagger
  1561 | D:3      | Found a hide-covered altar of Uskayaw.
  1735 | D:3      | Reached skill level 4 in Spellcasting
  1735 | D:3      | Reached XP level 5. HP: 33/35 MP: 0/0
  1735 | D:3      | Learned a level 2 spell: Searing Ray
  1911 | D:3      | Found Eplur's Antique Armour Shoppe.
  2390 | D:4      | Reached skill level 1 in Fighting
  2401 | D:4      | Killed from afar by an orc priest

Illustrated notes

Levels and vault maps discovered:
D:1:      dpeg_arrival_oval, layout_basic, minmay_misc_feat_rows, fountainhead
D:2:      layout_loops_cross, basic_altar, minmay_misc_feat_square
D:3:      layout_basic, dancing_weapons_uskayaw, serial_shops,
          nicolae_shop_tiny_glass, grunt_decor_cap
D:4:      layout_cave_pools

Skill      XL: |  1  2  3  4  5 |
---------------+----------------+-----
Spellcasting   | 3 4 |  4.4
Fighting       | 1 |  1.0
Armour         | |  0.8
Dodging        | |  2.1
Stealth        | |  1.5
Evocations     | |  0.6

Action                     |  1- 3 |  4- 6 || total
---------------------------+-------+-------++-------
  Melee: Falchion          |       |     5 ||     5
   Cast: Foxfire           |    77 |   106 ||   183
         Summon Small Mamm |     1 |       ||     1
         Scorch            |     1 |       ||     1
         Searing Ray       |       |     1 ||     1
         Flame Wave        |       |     1 ||     1
 Armour: Robe              |       |     1 ||     1
         Ring mail         |       |     6 ||     6
  Dodge: Dodged            |     3 |     5 ||     8
